 Dungeon Crawl Stone Soup version 0.32-a0-918-g0f22ef8d61 (webtiles) character file.

Game seed: 5765637293995586786

490 nel the Reanimator (level 6, -5/43 HPs)
             Began as a Demonspawn Necromancer on Apr 11, 2024.
             Killed by nerve-wracking pain
             ... invoked by a shadow imp
              (11 damage)
             ... on level 5 of the Dungeon.
             The game lasted 00:13:42 (3281 turns).

nel the Reanimator (Demonspawn Necromancer)         Turns: 3281, Time: 00:13:42

Health: -5/43      AC:  3    Str:  9    XL:     6   Next: 90%
Magic:  0/9        EV: 11    Int: 14    God:
Gold:   236        SH:  0    Dex: 13    Spells: 5/9 levels left

rFire   + . .        h - +2 hand axe of Bespelled Purpose {spect, ^Contam Fly rPois rC++ Int-3}
rCold   + + .        (no shield)
rNeg    . . .        k - +0 leather armour
rPois   +            (no helmet)
rElec   .            (no cloak)
rCorr   +            (no gloves)
SInv    .            (no boots)
Will    .....        (no amulet)
Stlth   ++           i - ring of resist corrosion
HPRegen 0.27/turn    j - ring of protection from fire
MPRegen 0.22/turn

%: guardian spirit
@: flying
A: magic shield, magic regeneration, weakness stinger 1
a: no special abilities


You were on level 5 of the Dungeon.
You visited 1 branch of the dungeon, and saw 5 of its levels.

You collected 236 gold pieces.

Inventory:

Hand Weapons
 d - a +0 dagger
 f - a +2 dagger of freezing
 h - the +2 hand axe of Bespelled Purpose (weapon) {spect, ^Contam Fly rPois rC++ Int-3}
   (You found it on level 2 of the Dungeon)

   Int-3:     It affects your intelligence (-3).
   rC++:      It greatly protects you from cold.
   rPois:     It protects you from poison.
   Fly:       It grants you flight.
   ^Contam:   It causes magical contamination when unequipped.
 l - a +0 long sword
Missiles
 n - 4 poisoned darts
Armour
 k - a +0 leather armour (worn)
Jewellery
 i - a ring of resist corrosion (left hand)
 j - a ring of protection from fire (right hand)
 m - a +4 ring of protection
Scrolls
 c - 3 scrolls of identify
 e - 4 scrolls of teleportation
 g - a scroll of amnesia {unknown}
Potions
 b - a potion of magic


   Skills:
 - Level 1.6 Fighting
 - Level 0.6 Short Blades
 + Level 3.3 Dodging
 - Level 2.0 Stealth
 - Level 2.0 Spellcasting
 * Level 8.0 Necromancy


You had 5 spell levels left.
You knew the following spells:

 Your Spells              Type           Power      Damage    Failure   Level
a - Necrotise             Necr           92%        1d8       1%          1
b - Vampiric Draining     Necr           23%        2d7       3%          3

Your spell library contained the following spells:

 Spells                   Type           Power      Damage    Failure   Level
 Animate Dead             Necr           23%        N/A       12%         4
 Curse of Agony           Necr           23%        N/A       34%         5
 Martyr's Knell           Necr/Summ      12%        N/A       54%         4
 Hailstorm                Conj/Ice       1%         3d5       69%         3
 Summon Ice Beast         Ice/Summ       1%         N/A       69%         3
 Permafrost Eruption      Ice/Erth       0%         2x4d1     100%        6
 Sculpt Simulacrum        Ice/Alch       0%         N/A       100%        6


Dungeon Overview and Level Annotations

Branches:
Dungeon (5/15)
 Temple: D:4-7

Altars:
Cheibriados
Nemelex Xobeh
Qazlal
Xom


Innate Abilities, Weirdness & Mutations

When hurt, damage is shared between your health and your magic reserves.
You regenerate magic rapidly.
You have a small tail.


Message History

The shadow imp closely misses you.
The kobold brigand hits you with a +0 whip.
Unknown command.
Unknown command.
Casting: Vampiric Draining (dangerous; 4% risk of failure)
Confirm with . or Enter, or press ? or * to list all spells.
Aiming: Vampiric Draining (dangerous; 4% risk of failure)
Press: ? - help, Shift-Dir - straight line, f/p - kobold brigand
Aim: a kobold brigand, wielding a +0 whip and quivering poisoned darts (heavily wounded)
You draw life force from the kobold brigand!
You feel life coursing into your body.
The shadow imp hits you but does no damage.
The kobold brigand hits you with a +0 whip.
Unknown command.
You closely miss the kobold brigand.
The kobold brigand is almost dead.
You hit the shadow imp. The shadow imp hits you.
The kobold brigand closely misses you.
The shadow imp shouts, "Flee, thou unctious beetle-headed pot-faker!"
The shadow imp barely misses you.
The kobold brigand hits you with a +0 whip.
You hit the kobold brigand.
You kill the kobold brigand!
You hit the shadow imp.
Your +2 hand axe of Bespelled Purpose {spect, ^Contam Fly rPois rC++ Int-3} misses the shadow imp.
The shadow imp hits you.
Your Necromancy skill increases to level 8!
You closely miss the shadow imp.
Your tail-slap misses the shadow imp.
The shadow imp is heavily wounded.
Your +2 hand axe of Bespelled Purpose {spect, ^Contam Fly rPois rC++ Int-3} misses the shadow imp.
The shadow imp hits you.
You closely miss the shadow imp.
The shadow imp is heavily wounded.
Your +2 hand axe of Bespelled Purpose {spect, ^Contam Fly rPois rC++ Int-3} hits the shadow imp.
The shadow imp gestures at you. Pain shoots through your body!
* * * LOW HITPOINT WARNING * * *
The shadow imp gestures at you. Pain shoots through your body!
You die...

#.....[.#
#..........#
#.......#
#.........##
#.......#
#.........#
#.......#
#........## #......#
#........# #.....#
#........# #..†..#
#.......##
####.5#####.......#
###.(@.............
#..################.
#..#...# #....
.....# #...5..
..J...# .......
S...... .......
....... .......
....... #......
...K...


You could see a shadow imp and a friendly +2 hand axe of Bespelled Purpose
{spect, ^Contam Fly rPois rC++ Int-3}.

Vanquished Creatures
  A water moccasin (D:5)
  A kobold brigand (D:5)
  A bombardier beetle (D:3)
  A jelly (D:5)
  2 hounds (D:4)
  An orc priest (D:3)
  2 iguanas
  An adder (D:5)
  A white imp (D:3)
  A dart slug (D:4)
  A ribbon worm (D:3)
  5 orcs
  7 bats
  3 endoplasms
  3 giant cockroaches
  5 goblins
  5 hobgoblins
  14 jackals
  4 quokkas
  5 ball pythons
  6 frilled lizards
  2 kobolds
  6 rats
78 creatures vanquished.

Vanquished Creatures (collateral kills)
  2 dart slugs (D:1)
  An orc (D:3)
  A jackal (D:2)
  A quokka (D:1)
  A frilled lizard (D:2)
  A rat (D:1)
7 creatures vanquished.

Grand Total: 85 creatures vanquished

Notes
Turn   | Place    | Note
-------+----------+-------------------------------------------
     0 | D:1      | nel the Demonspawn Necromancer began the quest for the Orb.
     0 | D:1      | Reached XP level 1. HP: 13/13 MP: 3/3
    17 | D:1      | Found a faded altar of an unknown god.
    98 | D:1      | Gained mutation: You regenerate magic rapidly. [demonic
                  | ancestry]
    98 | D:1      | Reached XP level 2. HP: 19/19 MP: 3/5
   200 | D:1      | Reached skill level 5 in Necromancy
   534 | D:1      | Reached XP level 3. HP: 17/24 MP: 3/6
   804 | D:2      | Identified the +2 hand axe of Bespelled Purpose {spect,
                  | ^Contam Fly rPois rC++ Int-3}
  1234 | D:2      | Learned a level 3 spell: Vampiric Draining
  1450 | D:3      | Found a snail-covered altar of Cheibriados.
  1523 | D:3      | Reached skill level 6 in Necromancy
  1523 | D:3      | Gained mutation: You have a small tail. [demonic ancestry]
  1523 | D:3      | Reached XP level 4. HP: 19/31 MP: 0/7
  1821 | D:3      | Gained mutation: When hurt, damage is shared between your
                  | health and your magic reserves. [demonic ancestry]
  1821 | D:3      | Reached XP level 5. HP: 29/36 MP: 0/8
  1939 | D:3      | Found a sparkling altar of Nemelex Xobeh.
  1968 | D:3      | Found a shimmering altar of Xom.
  2370 | D:4      | Reached skill level 1 in Fighting
  2468 | D:4      | Found a stormy altar of Qazlal.
  2938 | D:5      | Entered Level 5 of the Dungeon
  2959 | D:5      | Reached skill level 7 in Necromancy
  3028 | D:5      | Noticed a shadow
  3028 | D:5      | Noticed an ogre
  3060 | D:4      | Reached XP level 6. HP: 24/43 MP: 7/9
  3166 | D:5      | Noticed a water moccasin
  3183 | D:5      | Killed a water moccasin
  3280 | D:5      | Reached skill level 8 in Necromancy
  3281 | D:5      | Killed from afar by a shadow imp

Illustrated notes

Levels and vault maps discovered:
D:1:      wheals_arrival_shading, layout_rooms,
          ebering_ecumenical_altar_sacrificial, dreamdust_mushroom_princess
D:2:      layout_basic
D:3:      layout_loops_ring, mainiacjoe_overflow_cross_hatched,
          lemuel_round_altar, marbit_many_paths, lemuel_round_altar,
          gammafunk_temple_overflow_pools, minmay_misc_feat_columns
D:4:      layout_loops_ring, grunt_qazlal_clouds
D:5:      cheibrodos_fzero, layout_cave_pods, uniq_grinder, uniq_eustachio,
          uniq_prince_ribbit1

Skill      XL: |  1  2  3  4  5  6 |
---------------+-------------------+-----
Necromancy     | 5 6 7 8 |  8.0
Stealth        | 2 |  2.0
Dodging        | 2 3 |  3.3
Fighting       | 1 |  1.6
Short Blades   | |  0.6
Spellcasting   | |  2.0

Action                     |  1- 3 |  4- 6 || total
---------------------------+-------+-------++-------
  Melee: Dagger            |    76 |    20 ||    96
         Tailslap          |       |    15 ||    15
         Hand axe          |       |    75 ||    75
   Cast: Necrotise         |    49 |    41 ||    90
         Vampiric Draining |       |     4 ||     4
    Use: Scroll            |       |     2 ||     2
         Potion            |       |     1 ||     1
   Stab: Sleeping          |     3 |     2 ||     5
         Distracted        |       |     1 ||     1
 Armour: Robe              |    78 |    20 ||    98
         Leather armour    |       |    67 ||    67
  Dodge: Dodged            |    66 |    66 ||   132

Table legend: (Time is in decaauts)
 A = Elapsed time spent in this place.
 B = Non-inter-level travel time spent in this place.
 C = Inter-level travel time spent in this place.
 D = Time resting spent in this place.
 E = Time spent auto-exploring this place.
 F = Levels seen in this place.
 G = Mean time per level.
                   A        B        C        D        E       F      G
               +--------+--------+--------+--------+--------+-----+--------+
         Total |   3298 |   3108 |    190 |    236 |   2092 |   5 |  659.6 |
       Dungeon |   3298 |   3108 |    190 |    236 |   2092 |   5 |  659.6 |
               +--------+--------+--------+--------+--------+-----+--------+

Top non-repeatable levels by time:
     D:4: 936 daAuts
     D:1: 801 daAuts
     D:3: 661 daAuts
     D:2: 627 daAuts
     D:5: 271 daAuts
